 Dungeon Crawl Stone Soup version 0.19-a0-1002-g674d22e (webtiles) character file.

244 ololoev the Skirmisher (level 6, 0/39 HPs)
             Began as a Kobold Abyssal Knight on July 18, 2016.
             Was a Priest of Lugonu.
             Succumbed to an orc wizard's poison
             ... on level 3 of the Dungeon.
             The game lasted 00:04:25 (2829 turns).

ololoev the Skirmisher (Kobold Abyssal Knight)      Turns: 2829, Time: 00:04:26

Health: 0/39       AC:  6    Str: 17    XL:     6   Next: 32%
Magic:  8/8        EV: 15    Int: 10    God:    Lugonu [***...]
Gold:   127        SH:  0    Dex: 16    Spells: 0 memorised, 5 levels left

rFire  . . .     SeeInvis .     a - +1 falchion
rCold  . . .     Gourm    .     e - +0 ring mail
rNeg   . . .     Faith    .     (shield restricted)
rPois  .         Spirit   .     (no helmet)
rElec  .         Dismiss  .     (no cloak)
rCorr  .         Reflect  .     s - +0 pair of gloves
SustAt .         Harm     .     (no boots)
MR     .....                    (no amulet)
Stlth  +.........               (no ring)
                                (no ring)

@: mighty, lethally poisoned (0 -> -21), exhausted, flying, slowed, very slow,
not resistant to hostile enchantments, very unstealthy
A: carnivore 3
a: Depart the Abyss, Bend Space, Banish, Renounce Religion


Innate Abilities, Weirdness & Mutations

You are small and have problems with some larger weapons.
You are carnivorous and can eat meat at any time.

Inventory:

Hand Weapons
 a - a +1 falchion (weapon)
Armour
 e - a +0 ring mail (worn)
 s - a +0 pair of gloves (worn)
Scrolls
 f - 2 scrolls of identify {unknown}
 i - a scroll of magic mapping {unknown}
 k - 2 scrolls of enchant armour {unknown}
 m - a scroll of enchant weapon {unknown}
 q - a scroll of immolation {unknown}
 r - a scroll of teleportation {unknown}
 t - a scroll of random uselessness {unknown}
Potions
 b - a potion of degeneration {unknown}
 h - 2 potions of flight
 n - 3 potions of might
 o - a potion of heal wounds {unknown}
 p - a potion of ambrosia {unknown}
 u - a potion of curing {unknown}
Comestibles
 c - 2 meat rations
 g - 2 beef jerkies
 j - 2 slices of pizza


   Skills:
 + Level 4.3 Fighting
 * Level 3.2 Long Blades
 + Level 2.2 Armour
 + Level 3.4 Dodging
 + Level 2.9 Invocations


You had 5 spell levels left.
You didn't know any spells.


You were on level 3 of the Dungeon.
You worshipped Lugonu.
Lugonu was most pleased with you.
You were very full.

You visited 1 branch of the dungeon, and saw 3 of its levels.
You visited the Abyss 1 time.

You collected 127 gold pieces.

#####.#)########..... #..
##.#.#.## #..... #..
###.#(....#####.#.(. #..
#..###.......).....# #..
#.#.#.......###.#### #..
#.##.............### #..
#.###.......###.....
#..####.###......#####.###
#.>.)....@................
##.####.###.....######.###
#.. #.........# #(... #..o
#########.# ####. ##o. #.#
#. ##. #.# #. #o #.# #. #.
#.####### #. #)......###.

Notes
Turn   | Place    | Note
-------+----------+-------------------------------------------
     0 | Abyss:1  | ololoev the Kobold Abyssal Knight began the quest for the Orb.
     0 | Abyss:1  | Reached XP level 1. HP: 14/14 MP: 2/2
    28 | Abyss:2  | Noticed a small abomination
    40 | D:1      | Escaped the Abyss
   216 | D:1      | Reached * piety under Lugonu
   226 | D:1      | Reached skill level 1 in Armour
   226 | D:1      | Reached XP level 2. HP: 12/19 MP: 3/3
   547 | D:1      | Reached XP level 3. HP: 17/23 MP: 4/4
  1008 | D:2      | Reached XP level 4. HP: 26/28 MP: 5/5
  1393 | D:2      | Reached ** piety under Lugonu
  1429 | D:2      | Found a hide-covered altar of Uskayaw.
  1845 | D:3      | Reached XP level 5. HP: 33/33 MP: 6/6
  1876 | D:3      | Reached skill level 4 in Fighting
  2361 | D:3      | Found a white marble altar of Elyvilon.
  2814 | D:3      | Reached XP level 6. HP: 32/38 MP: 8/8
  2819 | D:3      | Reached *** piety under Lugonu
  2827 | D:3      | HP: 2/58 [poisoned by an orc wizard]
  2829 | D:3      | Succumbed to an orc wizard's poison

Dungeon Overview and Level Annotations

Branches:
Dungeon (3/15)

Altars:
Elyvilon
Uskayaw


Message History

Lugonu accepts your kill.
You hit the orc.
The orc is heavily wounded.
The orc hits you but does no damage.
The orc wizard casts a spell.
The orc wizard seems to speed up.
The orc completely misses you.
You hear a shout!
You hit the orc.
You kill the orc!
Lugonu accepts your kill.
You have reached level 6!
Your experience leads to an increase in your attributes!
Increase (S)trength, (I)ntelligence, or (D)exterity?
You feel stronger. The orc wizard completely misses you.
You riposte.
You hit the orc wizard.
The orc wizard is moderately wounded.
You closely miss the orc wizard.
The orc wizard is moderately wounded.
The orc wizard hits you with a dagger of venom.
You are poisoned.
The orc wizard hits you but does no damage.
You are more poisoned.
You hit the orc wizard.
The orc wizard is moderately wounded.
You feel sick.
The orc wizard hits you with a dagger of venom.
You are more poisoned.
Your ring mail prevents you from hitting the orc wizard.
The orc wizard is moderately wounded.
You feel sick.
The orc wizard hits you but does no damage.
You are lethally poisoned!
The orc wizard points at you and mumbles some strange words.
The puff of flame misses you.
It was a potion of might.
You feel very mighty all of a sudden.
You feel sick.
The orc wizard points at you and mumbles some strange words.
The puff of flame hits you!
The orc wizard hits you but does no damage.
You are more poisoned.
Unknown command.
You hit the orc wizard.
The orc wizard is moderately wounded.
You feel very sick. The orc wizard closely misses you.
You riposte.
You slash the orc wizard!
You kill the orc wizard!
Lugonu accepts your kill.
You can now banish your foes.
Unknown command.
It was a potion of flight.
You feel very buoyant.
You fly up into the air.
You feel very sick.
An orc wizard comes into view. It is wielding a dagger.
It was a potion of cure mutation.
It has a very clean taste.
You feel sick.
The orc wizard shouts!
It was a potion of berserk rage.
A red film seems to cover your vision as you go berserk!
You feel yourself moving faster!
You feel mighty!
You feel very sick.
An orc comes into view. It is wielding a war axe.
You slash the orc wizard!
The orc wizard is heavily wounded.
You feel sick. The orc wizard hits you with a dagger.
You slash the orc wizard!
You kill the orc wizard!
Lugonu accepts your kill.
You feel sick.
You slash the orc!
You kill the orc!
Lugonu accepts your kill.
You feel sick.
You feel sick.
You feel a strong urge to attack something.
You feel sick.
You feel sick.
You feel your anger subside.
You are no longer berserk.
You are exhausted.
You feel yourself slow down.
You die...

There were no monsters in sight!

Vanquished Creatures
  An orc priest (D:3)
  2 orc wizards (D:3)
  3 gnolls (D:3)
  5 adders
  A worm (D:2)
  A dart slug (D:2)
  3 giant geckos (D:3)
  9 orcs (D:3)
  4 bats
  2 giant cockroaches
  3 goblins
  6 hobgoblins
  12 jackals
  12 kobolds
  2 ball pythons (D:1)
  4 giant newts
  5 rats
75 creatures vanquished.

Action                   |  1- 3 |  4- 6 || total
-------------------------+-------+-------++-------
Melee: Falchion          |    78 |   174 ||   252
Invok: Depart the Abyss  |     1 |       ||     1
  Use: Potion            |       |     4 ||     4
  Eat: Chunk             |     7 |     7 ||    14
Armor: Ring mail         |    12 |    44 ||    56
Dodge: Dodged            |    37 |    90 ||   127

Vault maps used:
D:1:      minmay_arrival_jagged
D:2:      eat_drink_and_be_merry_uskayaw, first_bread, hex_large
D:3:      nicolae_overflow_crystal_walls
